 Dungeon Sprint DCSS version 0.30-a0-459-g9104f0fc43 (webtiles) character file.

Game seed: 13299463507637624885

23270 rocky1 the Fighter (level 12, 0/118 HPs)
             Began as a Black Draconian Transmuter on Dec 16, 2022.
             Was a High Priest of Cheibriados.
             Killed by a malign offering
             ... invoked by a deep elf high priest
              (27 damage)
             ... in the Dungeon (Sprint VII: "The Pits").
             The game lasted 00:13:23 (4033 turns).

rocky1 the Fighter (Black Draconian Transmuter)     Turns: 4033, Time: 00:13:24

Health: 0/118      AC: 16    Str: 26    XL:     12   Next: 70%
Magic:  8/27       EV: 24    Int: 27    God:    Cheibriados [*****.]
Gold:   74         SH:  0    Dex: 26    Spells: 19/34 levels left

rFire   + . .      SeeInvis +      - Unarmed
rCold   . . .      Faith    .    (no shield)
rNeg    . . .      Spirit   .    (body armour unavailable)
rPois   .          Reflect  .    p - +2 hat
rElec   +          Harm     .    n - +2 cloak {rCorr}
rCorr   +          Rampage  .    z - +2 pair of gloves
Will    .....      NoTele   +    (no boots)
Stlth   ++++++....               (no amulet)
HPRegen 0.39/turn                y - ring of protection from fire
MPRegen 0.20/turn                w - ring of see invisible

@: very slow
A: breathe lightning, AC +8, unfitting armour, electricity resistance,
cold-blooded
a: Breathe Lightning, Renounce Religion, Bend Time, Temporal Distortion, Slouch,
Step From Time


You were in the Dungeon.
You worshipped Cheibriados.
Cheibriados was extremely pleased with you.
You visited 1 branch You collected 74 gold pieces.

Inventory:

Missiles
 o - 2 throwing nets
Armour
 d - a +0 cloak
 n - a +2 cloak of preservation (worn)
 p - a +2 hat (worn)
 x - an orb of energy
 z - a +2 pair of gloves (worn)
Magical Staves
 A - a staff of air
Jewellery
 g - a +3 ring of intelligence
 k - a +3 ring of evasion
 w - a ring of see invisible (right hand)
 y - a ring of protection from fire (left hand)
Scrolls
 i - 5 scrolls of amnesia
 j - a scroll of butterflies
 q - 2 scrolls of fog
 r - 2 scrolls of enchant armour
 s - a scroll of blinking
 v - 2 scrolls of enchant weapon
Potions
 a - a potion of lignification
 b - 8 potions of curing
 c - 9 potions of heal wounds
 e - 2 potions of magic
 f - 5 potions of berserk rage
 h - 3 potions of invisibility
 l - 3 potions of mutation
 m - a potion of cancellation {unknown}
 t - a potion of might


   Skills:
 + Level 14.9 Fighting
 + Level 12.7 Dodging
 + Level 11.8 Stealth
 + Level 14.0 Unarmed Combat
 + Level 11.6 Spellcasting
 - Level 11.9 Transmutations
 * Level 4.2 Earth Magic
 - Level 13.0 Invocations
 - Level 5.7 Evocations


You had 19 spell levels left.
You knew the following spells:

 Your Spells              Type           Power      Damage    Failure   Level
a - Beastly Appendage     Tmut           100%       N/A       1%          1
b - Wereblood             Tmut           68%        N/A       1%          2
c - Spider Form           Tmut/Pois      47%        N/A       1%          3
d - Ice Form              Ice/Tmut       47%        N/A       3%          4
e - Lee's Rapid Deconstr  Erth           19%        3d11*     17%         5

Your spell library contained the following spells:

 Spells                   Type           Power      Damage    Failure   Level
 Portal Projectile        Hex/Tloc       30%        N/A       11%         3
 Tukima's Dance           Hex            15%        N/A       11%         3


Dungeon Overview and Level Annotations

Branches:
Dungeon (1/1)

Altars:
Ashenzari
Cheibriados
Dithmenos
Elyvilon
Fedhas
Gozag
Hepliaklqana
Kikubaaqudgha
Makhleb
Nemelex Xobeh
Okawaru
Qazlal
Ru
Sif Muna
Trog
Uskayaw
Vehumet
Wu Jian
Xom
Yredelemnul
Zin
The Shining One
Jiyva
Lugonu


Innate Abilities, Weirdness & Mutations

You can breathe wild blasts of lightning.
Your glossy black scales are hard. (AC +8)
You cannot fit into any form of body armour.
You are resistant to electric shocks. (rElec)
You are cold-blooded and may be slowed by cold attacks.


Message History

You kill the black draconian knight!
Cheibriados appreciates the change of pace.
Cheibriados lowers the support of your attributes as your movement quickens.
A vampire mage comes into view.
The death knight offers itself to Yredelemnul, and fills with unholy energy.
Unknown command.
Activating: Slouch (1% risk of failure)
Press: ? - help, Dir - look around, f - activate You can feel time thicken for a moment.
You kill the deep elf high priest!
Cheibriados thoroughly appreciates the change of pace.
Cheibriados raises the support of your attributes as your movement slows.
Cheibriados lowers the support of your attributes as your movement quickens.
The death knight reflects your damage back at you!
The purple draconian shifter breathes dispelling energy at you.
The bolt of dispelling energy hits you!!!
A sphinx comes into view.
Your Unarmed Combat skill increases to level 14!
Your Earth Magic skill increases to level 4!
A deep elf sorcerer comes into view. It is wielding a +0 dagger.
The purple draconian shifter gestures wildly while chanting.
The purple draconian shifter blinks!
The vampire mage mumbles some strange words.
A deep elf high priest comes into view. It is wielding a +0 scimitar.
There is a huge open gate to the Coven (Very Hard) here.
Activating: Slouch (1% risk of failure)
Press: ? - help, Dir - look around, f - activate You can feel time thicken for a moment.
You destroy the vampire mage!
Cheibriados appreciates the change of pace.
Cheibriados raises the support of your attributes as your movement slows.
The wight disappears in a puff of smoke!
You kill the death knight!
Cheibriados appreciates the change of pace.
Cheibriados lowers the support of your attributes as your movement quickens.
Your damage is reflected back at you!
* * * LOW HITPOINT WARNING * * *
The deep elf high priest utters a dark prayer and points at you.
Your life force is offered up.
You die...

#.)# #..#
#..# #†.#
#..# #..#
#..# #''#
####'@#
#))...#
..§H)#.≈##
.§e) ##.:
..§ ..##
.# ##.:


ee: ..: ..:# You could see a sphinx, a deep elf annihilator, a deep elf sorcerer
and a deep elf high priest.

Vanquished Creatures
  A sphinx (D)
  A death cob (D)
  Gastronok (D)
  A draconian knight (D)
  A draconian stormcaller (D)
  A green draconian (D)
  A red draconian (D)
  A deep elf death mage (D)
  Josephine (D)
  Harold (D)
  A deep elf high priest (D)
  A hydra (D)
  A merfolk aquamancer (D)
  2 death knights (D)
  2 boulder beetles (D)
  A vampire mage (D)
  An orc high priest (D)
  A sixfirhy (D)
  2 deep trolls (D)
  A flayed ghost (D)
  A phantasmal warrior (D)
  An elephant (D)
  A guardian serpent (D)
  A merfolk siren (D)
  2 smoke demons (D)
  2 unseen horrors (D)
  A freezing wraith (D)
  A kobold demonologist (D)
  A red devil (D)
  2 hellwings (D)
  A wandering mushroom (D)
  A merfolk (D)
  A wind drake (D)
  A hornet (D)
  A snapping turtle (D)
  2 spriggans (D)
  A flying skull (D)
  2 wyverns (D)
  Eustachio (D)
  4 wraiths (D)
  4 yaks (D)
  2 water elementals (D)
  A chaos spawn (D)
  An acid dragon (D)
  A floating eye (D)
  An ice beast (D)
  An orc warrior (D)
  A black bear (D)
  A swamp drake (D)
  A wolf (D)
  2 centaurs (D)
  A gnoll sergeant (D)
  A bullfrog (D)
  2 scorpions (D)
  5 wights (D)
  A crimson imp (D)
  Crazy Yiuf (D)
  3 orc priests (D)
  An iguana (D)
  3 orc wizards (D)
  A hell rat (D)
  5 gnolls (D)
  A river rat (D)
  A white imp (D)
  2 ufetubi (D)
  A worm (D)
  2 orcs (D)
  An endoplasm (D)
  A giant cockroach (D)
  3 hobgoblins (D)
  A ball python simulacrum (D)
  3 bats (D)
  A giant cockroach zombie (D)
  2 goblins (D)
  3 kobolds (D)
  2 rats (D)
115 creatures vanquished.

Notes
Turn   | Place    | Note
-------+----------+-------------------------------------------
     0 | D        | rocky1 the Draconian Transmuter began the quest for the
                  | Orb.
     0 | D        | Reached XP level 1. HP: 16/16 MP: 3/3
    12 | D        | Noticed a floating eye
    14 | D        | Killed a floating eye
    15 | D        | Reached XP level 2. HP: 28/28 MP: 2/7
    15 | D        | Reached XP level 3. HP: 34/34 MP: 2/8
    15 | D        | Reached XP level 4. HP: 41/41 MP: 2/10
   383 | D        | Found a bloodstained altar of Trog.
   383 | D        | Found a shimmering blue altar of Sif Muna.
   383 | D        | Found a viscous altar of Jiyva.
   383 | D        | Found a hazy altar of Hepliaklqana.
   383 | D        | Found an opulent altar of Gozag.
   384 | D        | Found a glowing golden altar of the Shining One.
   384 | D        | Found a glowing silver altar of Zin.
   384 | D        | Found a basalt altar of Yredelemnul.
   384 | D        | Found a shimmering altar of Xom.
   384 | D        | Found an ornate altar of the Wu Jian Council.
   384 | D        | Found a sacrificial altar of Ru.
   384 | D        | Found a stormy altar of Qazlal.
   384 | D        | Found an iron altar of Okawaru.
   384 | D        | Found a sparkling altar of Nemelex Xobeh.
   384 | D        | Found a burning altar of Makhleb.
   384 | D        | Found a blossoming altar of Fedhas.
   384 | D        | Found a white marble altar of Elyvilon.
   384 | D        | Found a shadowy altar of Dithmenos.
   384 | D        | Found a snail-covered altar of Cheibriados.
   387 | D        | Found a corrupted altar of Lugonu.
   387 | D        | Found a radiant altar of Vehumet.
   388 | D        | Found an ancient bone altar of Kikubaaqudgha.
   388 | D        | Found a hide-covered altar of Uskayaw.
   388 | D        | Found a broken altar of Ashenzari.
   395 | D        | Became a worshipper of Cheibriados the Contemplative
   431 | D        | Learned a level 2 spell: Wereblood
   435 | D        | Learned a level 3 spell: Spider Form
   440 | D        | Learned a level 4 spell: Ice Form
   511 | D        | Noticed a scorpion
   514 | D        | Killed a scorpion
   515 | D        | Reached skill level 5 in Fighting
   515 | D        | Reached skill level 5 in Unarmed Combat
   515 | D        | Reached skill level 5 in Transmutations
   515 | D        | Reached XP level 5. HP: 48/48 MP: 7/12
   517 | D        | Reached * piety under Cheibriados
   523 | D        | Reached ** piety under Cheibriados
   534 | D        | Reached skill level 5 in Dodging
   534 | D        | Reached skill level 5 in Spellcasting
   536 | D        | Reached *** piety under Cheibriados
   603 | D        | Reached **** piety under Cheibriados
   604 | D        | Reached skill level 1 in Invocations
   604 | D        | Reached XP level 6. HP: 22/57 MP: 1/14
   846 | D        | Noticed an ice beast
   849 | D        | Reached ***** piety under Cheibriados
   851 | D        | Killed an ice beast
   852 | D        | Your scales start taking on a glossy black colour.
   852 | D        | Reached XP level 7. HP: 66/66 MP: 12/16
   852 | D        | Gained mutation: You are resistant to electric shocks.
                  | (rElec) [Black Draconian growth]
  1247 | D        | Noticed a deep troll
  1260 | D        | Killed a deep troll
  1260 | D        | Reached ****** piety under Cheibriados
  1261 | D        | Reached skill level 5 in Invocations
  1261 | D        | Reached XP level 8. HP: 23/75 MP: 17/19
  1496 | D        | Noticed a smoke demon
  1506 | D        | Killed a smoke demon
  1938 | D        | Noticed Eustachio
  1944 | D        | Killed Eustachio
  1953 | D        | Noticed a deep troll
  1955 | D        | Killed a deep troll
  1956 | D        | Reached XP level 9. HP: 84/84 MP: 19/21
  1959 | D        | Reached skill level 5 in Stealth
  1976 | D        | Noticed a red devil
  1976 | D        | Noticed a phantasmal warrior
  1981 | D        | Killed a red devil
  1988 | D        | Killed a phantasmal warrior
  1989 | D        | Reached skill level 10 in Fighting
  2012 | D        | Noticed an orc high priest
  2012 | D        | Noticed Crazy Yiuf
  2019 | D        | Noticed a hellwing
  2021 | D        | Killed Crazy Yiuf
  2021 | D        | Noticed a sixfirhy
  2022 | D        | Reached skill level 10 in Unarmed Combat
  2028 | D        | Killed an orc high priest
  2029 | D        | Reached XP level 10. HP: 46/94 MP: 12/23
  2210 | D        | Noticed Josephine
  2213 | D        | Noticed a boulder beetle
  2216 | D        | Reached skill level 10 in Transmutations
  2218 | D        | Killed Josephine
  2219 | D        | Killed a boulder beetle
  2496 | D        | Noticed an elephant
  2497 | D        | Noticed a guardian serpent
  2500 | D        | Killed a guardian serpent
  2501 | D        | Reached skill level 10 in Spellcasting
  2503 | D        | Killed an elephant
  2504 | D        | Reached skill level 10 in Dodging
  2504 | D        | Reached skill level 10 in Invocations
  2643 | D        | Noticed a smoke demon
  2647 | D        | Noticed a seven-headed hydra
  2649 | D        | Reached XP level 11. HP: 104/104 MP: 11/25
  2649 | D        | Noticed Harold
  2658 | D        | Killed a seven-headed hydra
  2658 | D        | Noticed Gastronok
  2669 | D        | Killed Harold
  2688 | D        | Killed Gastronok
  3001 | D        | Noticed a boulder beetle
  3033 | D        | Killed a boulder beetle
  3034 | D        | Reached skill level 1 in Evocations
  3044 | D        | Noticed a death cob
  3048 | D        | Killed a death cob
  3049 | D        | Reached skill level 10 in Stealth
  3246 | D        | Noticed a sixfirhy
  3251 | D        | Killed a sixfirhy
  3333 | D        | Noticed a flayed ghost
  3338 | D        | Reached XP level 12. HP: 116/116 MP: 19/27
  3397 | D        | Noticed a merfolk aquamancer
  3397 | D        | Noticed a death knight
  3397 | D        | Noticed a green draconian
  3397 | D        | Noticed a red draconian
  3401 | D        | Killed a merfolk aquamancer
  3402 | D        | Killed a death knight
  3403 | D        | Reached skill level 5 in Evocations
  3413 | D        | Killed a red draconian
  3439 | D        | Killed a green draconian
  3446 | D        | Got the Reference Book on Captivating Terra Firma
  3767 | D        | Learned a level 5 spell: Lee's Rapid Deconstruction
  3826 | D        | Noticed a sphinx
  3830 | D        | Paralysed by a sphinx for 3 turns
  3837 | D        | Paralysed by a sphinx for 2 turns
  3840 | D        | Killed a sphinx
  4022 | D        | Noticed a white draconian stormcaller
  4022 | D        | Noticed a deep elf annihilator
  4022 | D        | Noticed a black draconian knight
  4022 | D        | Noticed a deep elf death mage
  4022 | D        | Noticed a vampire mage
  4023 | D        | Noticed a purple draconian shifter
  4027 | D        | Noticed a deep elf high priest
  4029 | D        | Noticed a death knight
  4029 | D        | Killed a white draconian stormcaller
  4029 | D        | Killed a deep elf death mage
  4030 | D        | Killed a black draconian knight
  4030 | D        | Noticed a vampire mage
  4031 | D        | Killed a deep elf high priest
  4031 | D        | Noticed a sphinx
  4032 | D        | Noticed a deep elf sorcerer
  4032 | D        | Noticed a deep elf high priest
  4033 | D        | Killed a vampire mage
  4033 | D        | Killed a death knight
  4033 | D        | Killed from afar by a deep elf high priest

Illustrated notes

Levels and vault maps discovered:
D:        pitsprint [storerooms_1, entrance_room_1, metal_vault_6, armoury_1,
          mini_pit_1, grid_room_1, main_hall_1, silver_pit, the_coven_3,
          the_vestibule_1, steel_vault_2, golden_pit, hallway_of_sentries,
          crystal_vault_4, iron_vault_1, final_vault]

Skill      XL: |  1  2  3  4  5  6  7  8  9 10 11 12 |
---------------+-------------------------------------+-----
Fighting       | 4 5 6 7 8 9 10 12 13 14 | 14.9
Dodging        | 3 4 5 6 7 8 9 10 11 12 | 12.7
Unarmed Combat | 4 5 6 7 8 9 10 11 12 14 | 14.0
Spellcasting   | 4 5 6 7 8 9 10 11 | 11.6
Transmutations | 4 5 6 7 8 9 11 | 11.9
Invocations    | 1 4 5 7 8 10 12 13 | 13.0
Stealth        | 2 4 6 8 10 11 | 11.8
Evocations     | 4 5 |  5.7
Earth Magic    | 4 |  4.2

Action                   |  1- 3 |  4- 6 |  7- 9 | 10-12 || total
-------------------------+-------+-------+-------+-------++-------
Melee: Unarmed           |     1 |    32 |    72 |    88 ||   193
       Tailslap          |     1 |       |       |     2 ||     3
       Kick              |     1 |       |       |       ||     1
       Headbutt          |     1 |       |       |       ||     1
       Punch             |       |       |       |     2 ||     2
 Cast: Beastly Appendage |     1 |       |       |       ||     1
       Ice Form          |       |     3 |     4 |     9 ||    16
       Spider Form       |       |       |     1 |       ||     1
Invok: Slouch            |       |       |     2 |    27 ||    29
 Abil: Breathe Lightning |       |       |     1 |     1 ||     2
  Use: Potion            |       |     1 |     2 |     8 ||    11
       Scroll            |       |       |     1 |     5 ||     6
 Stab: Sleeping          |       |       |     4 |     2 ||     6
Armor: Skin              |       |    17 |    13 |    25 ||    55
Dodge: Dodged            |       |    20 |    55 |   110 ||   185

Table legend: (Time is in decaauts)
 A = Elapsed time spent in this place.
 B = Non-inter-level travel time spent in this place.
 C = Inter-level travel time spent in this place.
 D = Time resting spent in this place.
 E = Time spent auto-exploring this place.
 F = Levels seen in this place.
 G = Mean time per level.
                   A        B        C        D        E       F      G
               +--------+--------+--------+--------+--------+-----+--------+
         Total |   4711 |   4592 |    119 |   2875 |      0 |   1 | 4711.0 |
       Dungeon |   4711 |   4592 |    119 |   2875 |      0 |   1 | 4711.0 |
               +--------+--------+--------+--------+--------+-----+--------+

Top non-repeatable levels by time:
       D: 4711 daAuts
